 Dungeon Crawl Stone Soup version 0.31.0-11-ge490571c62 (webtiles) character file.

Game seed: 9314575344559317246

77 PriceMaster the Conjurer (level 4, 0/27 HPs)
             Began as an Octopode Conjurer on Feb 3, 2024.
             Killed from afar by Sigmund (7 damage)
             ... with a magic dart
             ... on level 2 of the Dungeon.
             The game lasted 00:05:22 (1796 turns).

PriceMaster the Conjurer (Octopode Conjurer)        Turns: 1796, Time: 00:05:23

Health: 0/27       AC:  1    Str:  6    XL:     4   Next: 33%
Magic:  0/7        EV: 13    Int: 22    God:
Gold:   94         SH:  0    Dex: 10    Spells: 2/8 levels left

rFire   . . .        i - +1 short sword (venom)
rCold   . . .        (no shield)
rNeg    . . .        (helmet restricted)
rPois   .            (no amulet)
rElec   .            (no ring)
rCorr   .            (no ring)
SInv    .            (no ring)
Will    .....        (no ring)
Stlth   +++          (no ring)
HPRegen 0.24/turn    (no ring)
MPRegen 0.10/turn    (no ring)
                     (no ring)

%: no passive effects
@: very slightly contaminated, invisible
A: almost no armour, amphibious, 8 rings, camouflage 1, gelatinous body 1,
(nimble swimmer 1), tentacles
a: no special abilities


You were on level 2 of the Dungeon.
You visited 1 branch of the dungeon, and saw 2 of its levels.

You collected 94 gold pieces.

Inventory:

Hand Weapons
 b - a +0 club
 h - a +0 short sword
 i - a +1 short sword of venom (weapon)
Scrolls
 c - a scroll of poison {unknown}
 d - a scroll of revelation {unknown}
 j - a scroll of identify {unknown}
 k - a scroll of fear {unknown}
Potions
 a - a potion of magic
 f - a potion of haste {unknown}
 g - a potion of mutation {unknown}


   Skills:
 + Level 0.3 Fighting
 + Level 1.0 Maces & Flails
 + Level 2.1 Dodging
 + Level 3.2 Stealth
 + Level 2.5 Spellcasting
 + Level 4.8 Conjurations


You had 2 spell levels left.
You knew the following spells:

 Your Spells              Type           Power      Damage    Failure   Level
a - Magic Dart            Conj           96%        1d7       1%          1
b - Searing Ray           Conj           48%        2d6       2%          2
c - Hailstorm             Conj/Ice       13%        3d6       14%         3

Your spell library contained the following spells:

 Spells                   Type           Power      Damage    Failure   Level
 Freeze                   Ice            8%         1d3       13%         1
 Frozen Ramparts          Ice            4%         1d1       36%         3
 Fulminant Prism          Conj/Alch      6%         3d7       43%         4
 Iskenderun's Mystic Bla  Conj/Tloc      13%        2d5       43%         4


Dungeon Overview and Level Annotations

Branches:
Dungeon (2/15)

Altars:

Annotations:
D:2 Sigmund


Innate Abilities, Weirdness & Mutations

You cannot wear most types of armour.
You are amphibious.
You can wear up to eight rings at the same time.
Your skin changes colour to match your surroundings (Stealth+).
Your rubbery body absorbs attacks. (AC +1, EV +1)
((You are camouflaged when in or above water. (Stealth+)))
You have tentacles for arms and can constrict up to eight enemies at once.


Message History

(Press . to maintain the ray.) Sigmund hits you from afar with a +2 scythe of protection!
The searing ray hits Sigmund.
Sigmund is severely wounded.
Sigmund completely misses you.
The searing ray hits Sigmund.
Sigmund is almost dead.
Casting: Searing Ray (safe; 2% risk of failure)
Confirm with . or Enter, or press ? or * to list all spells.
Okay, then.
Casting: Hailstorm (quite dangerous; 14% risk of failure)
Confirm with . or Enter, or press ? or * to list all spells.
Casting: Hailstorm (quite dangerous; 14% risk of failure)
Press: ? - help, Dir - look around, f - activate You miscast Hailstorm.
You are very lightly contaminated with residual magic.
Nothing appears to happen.
Sigmund hits you from afar with a +2 scythe of protection!
* * * LOW HITPOINT WARNING * * *
Okay, then.
Okay, then.
It was a potion of invisibility.
You fade into invisibility!
Sigmund hits you from afar with a +2 scythe of protection.
* * * LOW HITPOINT WARNING * * *
Casting: Hailstorm (quite dangerous; 14% risk of failure)
Confirm with . or Enter, or press ? or * to list all spells.
You don't have enough magic to cast this spell.
Sigmund says, "Now you see me, now you don't..."
Aiming: Magic Dart (safe; 1% risk of failure)
Press: ? - help, Q - select action, (/) - cycle Shift-Dir - straight line, f - Sigmund
Aim: Sigmund, wielding a +2 scythe of protection and wearing a +0 robe (almost dead, unable to see you, 100% to hit)
The magic dart hits Sigmund but does no damage.
Sigmund is almost dead.
Sigmund gestures at something while chanting.
You see here a frilled lizard corpse.
Sigmund gestures at something while chanting.
The magic dart hits you!
You die...
Sigmund begins carving another notch in his scythe.

.#.....>.### #.# ...###.....##
#.#### ..## #####..# #....# #.#
##.# ##....# .# #.# #.# ##.....#
.# #.#########.########......#
##.## ......†...............#...#
..... ..########.....#####..#####
.....
...........#....@..†@.######@...!
.##############..###.......#.....
.# ##.....#####....).. .# ###..##
###..... .# #### ..... .# .....
## #####


You could see Sigmund (unable to see you).

Vanquished Creatures
  Terence (D:2)
  A dart slug (D:1)
  4 bats (D:1)
  6 endoplasms
  5 giant cockroaches
  3 goblins
  4 hobgoblins
  3 ball pythons
  2 frilled lizards
  9 kobolds
  14 rats
52 creatures vanquished.

Notes
Turn   | Place    | Note
-------+----------+-------------------------------------------
     0 | D:1      | PriceMaster the Octopode Conjurer began the quest for the
                  | Orb.
     0 | D:1      | Reached XP level 1. HP: 11/11 MP: 3/3
   133 | D:1      | Reached XP level 2. HP: 17/17 MP: 1/5
   137 | D:1      | Learned a level 2 spell: Searing Ray
   595 | D:1      | Reached XP level 3. HP: 15/21 MP: 0/6
  1350 | D:2      | Noticed Terence
  1362 | D:2      | Killed Terence
  1363 | D:2      | Reached XP level 4. HP: 14/27 MP: 0/7
  1541 | D:2      | Learned a level 3 spell: Hailstorm
  1634 | D:2      | Reached skill level 1 in Maces & Flails
  1759 | D:2      | Noticed Sigmund
  1796 | D:2      | Killed from afar by Sigmund

Illustrated notes

Levels and vault maps discovered:
D:1:      shiori_arrival_whats_in_store_for_you, layout_rooms, serial_rivers,
          chequers_serial_rivers_micro_d, chequers_serial_rivers_large_b,
          chequers_serial_rivers_room_b, chequers_serial_rivers_micro_b,
          chequers_serial_rivers_small_a, chequers_serial_rivers_micro_a,
          palyth_stone_intersect, minmay_heptomino_d4
D:2:      layout_rooms, uniq_terence, uniq_sigmund

Skill      XL: |  1  2  3  4 |
---------------+-------------+-----
Stealth        | 3 |  3.2
Maces & Flails | 1 |  1.0
Fighting       | |  0.3
Dodging        | |  2.1
Spellcasting   | |  2.5
Conjurations   | |  4.8

Action                     |  1- 3 |  4- 6 || total
---------------------------+-------+-------++-------
  Melee: Unarmed           |     8 |       ||     8
         Constrict         |    13 |     1 ||    14
         Club              |    35 |       ||    35
         Tentacles         |    10 |     1 ||    11
         Short sword       |       |     6 ||     6
   Cast: Magic Dart        |    28 |     1 ||    29
         Searing Ray       |    14 |     4 ||    18
         Hailstorm         |       |     3 ||     3
    Use: Scroll            |     1 |       ||     1
         Potion            |       |     2 ||     2
   Stab: Sleeping          |     3 |     2 ||     5
 Armour: Skin              |    28 |     7 ||    35
  Dodge: Dodged            |    35 |     6 ||    41
